 Dungeon Crawl Stone Soup version 0.30-a0-956-gcec3b41aec (webtiles) character file.

Game seed: 3165322648445330396

936 Newt the Skirmisher (level 8, -3/49 HPs)
             Began as a Kobold Hunter on Mar 29, 2023.
             Slain by an ice beast (9 damage)
             ... on level 5 of the Dungeon.
             The game lasted 00:04:59 (4982 turns).

Newt the Skirmisher (Kobold Hunter)                 Turns: 4982, Time: 00:05:00

Health: -3/49      AC:  6    Str:  8    XL:     8   Next: 33%
Magic:  17/17      EV: 17    Int: 11    God:
Gold:   230        SH:  0    Dex: 20    Spells: 7/7 levels left

rFire   . . .      SeeInvis .    a - +2 shortbow
rCold   . . .      Faith    .    (shield currently unavailable)
rNeg    . . .      Spirit   .    c - +0 leather armour
rPois   .          Reflect  .    (no helmet)
rElec   .          Rampage  .    (no cloak)
rCorr   .                        k - +1 pair of gloves
Will    .....                    e - +0 pair of boots
Stlth   +++                      (no amulet)
HPRegen 0.28/turn                m - ring of magical power
MPRegen 0.15/turn                (no ring)

@: no status effects
A: small, no large weapons, nightstalker 3
a: no special abilities


You were on level 5 of the Dungeon.
You visited 2 branches of the dungeon, and saw 6 of its levels.

You collected 230 gold pieces.

Inventory:

Hand Weapons
 a - a +2 shortbow (weapon)
Missiles
 d - a throwing net
Armour
 c - a +0 leather armour (worn)
 e - a +0 pair of boots (worn)
 k - a +1 pair of gloves (worn)
 q - a +1 robe of cold resistance
Jewellery
 m - a ring of magical power (left hand)
Wands
 b - a wand of flame (9)
 h - a wand of polymorph (11)
Scrolls
 i - 3 scrolls of teleportation
 o - a scroll of fog
 p - a scroll of identify
 r - a scroll of silence {unknown}
Potions
 f - 2 potions of heal wounds {unknown}
 g - a potion of mutation
 j - a potion of degeneration
 l - 2 potions of brilliance
 n - a potion of resistance
 s - a potion of haste {unknown}


   Skills:
 - Level 5.0 Fighting
 + Level 10.1 Ranged Weapons
 - Level 6.0 Dodging
 - Level 1.3 Stealth


You had 7 spell levels left.
You didn't know any spells.
Your spell library contained the following spells:

 Spells                   Type           Power      Damage    Failure   Level
 Sandblast                Erth           0%         2d4       45%         1
 Summon Small Mammal      Summ           0%         N/A       45%         1
 Ensorcelled Hibernation  Hex/Ice        0%         N/A       61%         2
 Passwall                 Tmut/Erth      0%         N/A       61%         2
 Call Canine Familiar     Summ           0%         N/A       83%         3
 Ozocubu's Armour         Ice            0%         N/A       83%         3
 Stone Arrow              Conj/Erth      0%         3d7       83%         3
 Summon Guardian Golem    Hex/Summ       0%         N/A       83%         3
 Swiftness                Air            0%         N/A       83%         3
 Ozocubu's Refrigeration  Ice            0%         4d7       100%        7


Dungeon Overview and Level Annotations

Branches:
Dungeon (5/15)             Temple (1/1) D:4

Altars:
Ashenzari
Cheibriados
Dithmenos
Elyvilon
Fedhas
Gozag
Kikubaaqudgha
Makhleb
Okawaru
Ru
Sif Muna
Uskayaw
Vehumet
Wu Jian
Xom
Yredelemnul
Zin
The Shining One


Innate Abilities, Weirdness & Mutations

You are small and have problems with some larger weapons.
You are completely attuned to the shadows.


Message History

The arrow barely misses the gnoll. x2; The gnoll misses you.
The ice beast closely misses you.
You shoot an arrow.
The arrow hits the ice beast but does no damage.
The ice beast is severely wounded.
The gnoll hits you from afar with a +0 spear.
The ice beast barely misses you.
You shoot an arrow. The arrow hits the ice beast.
The ice beast is almost dead.
The gnoll hits you from afar with a +0 spear.
The ice beast misses you.
You shoot an arrow.
The arrow hits the ice beast but does no damage.
The ice beast is almost dead.
The gnoll closely misses you. The ice beast misses you.
You shoot an arrow. The arrow barely misses the ice beast.
The arrow hits the gnoll.
The gnoll is lightly wounded.
The gnoll misses you.
The ice beast hits you but does no damage.
You shoot an arrow. The arrow closely misses the ice beast.
The arrow hits the gnoll.
The gnoll is severely wounded.
The gnoll hits you from afar with a +0 spear!
* * * LOW HITPOINT WARNING * * *
The ice beast misses you.
You shoot an arrow.
The arrow hits the ice beast but does no damage.
The ice beast is almost dead.
The gnoll hits you from afar with a +0 spear.
* * * LOW HITPOINT WARNING * * *
The ice beast misses you.
Unknown command.
You shoot an arrow. The arrow closely misses the ice beast.
The arrow hits the gnoll!
You kill the gnoll!
The ice beast hits you.
* * * LOW HITPOINT WARNING * * *
The ice beast freezes you!
You die...

#.# #.. #.#
#.# #.# #.#
#.# #.######
#.#####.##...#
#..........#.#
#######.##...#
#.###.## #.#
#@# #.# #Y# ##
#g# .# #.# .#
#.# # .....# .
g)..## ## .##.
# #.


You could see an ice beast and a gnoll.

Vanquished Creatures
  Sigmund (D:4)
  Eustachio (D:4)
  Edmund (D:4)
  An ice beast (D:4)
  A black bear (D:4)
  2 jellies
  3 hounds
  2 orc wizards (D:4)
  An iguana (D:5)
  2 gnolls (D:5)
  2 adders
  An ufetubus (D:3)
  A worm (D:4)
  5 dart slugs
  3 orcs
  7 bats
  7 endoplasms
  3 giant cockroaches
  9 goblins
  7 hobgoblins
  3 quokkas
  7 ball pythons
  2 frilled lizards (D:1)
  4 kobolds (D:1)
  A rat (D:1)
77 creatures vanquished.

Notes
Turn   | Place    | Note
-------+----------+-------------------------------------------
     0 | D:1      | Newt the Kobold Hunter began the quest for the Orb.
     0 | D:1      | Reached XP level 1. HP: 12/12 MP: 1/1
   113 | D:1      | Reached XP level 2. HP: 18/18 MP: 2/2
   361 | D:1      | Reached XP level 3. HP: 23/23 MP: 3/3
  1150 | D:2      | Reached XP level 4. HP: 30/30 MP: 4/4
  1539 | D:3      | Found a burning altar of Makhleb.
  1541 | D:3      | Found an ancient bone altar of Kikubaaqudgha.
  1547 | D:3      | Found a hide-covered altar of Uskayaw.
  1604 | D:3      | Reached skill level 5 in Fighting
  1649 | D:3      | Found an ornate altar of the Wu Jian Council.
  2114 | D:4      | Reached XP level 5. HP: 35/35 MP: 5/5
  2122 | D:4      | Reached skill level 6 in Ranged Weapons
  2826 | D:4      | Reached skill level 7 in Ranged Weapons
  2826 | D:4      | Reached XP level 6. HP: 40/40 MP: 6/6
  2843 | D:4      | Noticed a black bear
  2863 | D:4      | Killed a black bear
  2864 | D:4      | Reached skill level 8 in Ranged Weapons
  3004 | D:4      | Found a staircase to the Ecumenical Temple.
  3012 | Temple   | Entered the Ecumenical Temple
  3515 | D:4      | Noticed an ice beast
  3520 | D:4      | Killed an ice beast
  3521 | D:4      | Reached skill level 9 in Ranged Weapons
  3521 | D:4      | Reached XP level 7. HP: 44/44 MP: 7/7
  3563 | D:4      | Noticed Eustachio
  3572 | D:4      | Killed Eustachio
  3573 | D:4      | Reached skill level 10 in Ranged Weapons
  3610 | D:4      | Noticed Sigmund
  3619 | D:4      | Killed Sigmund
  3620 | D:4      | Reached XP level 8. HP: 29/49 MP: 8/8
  3807 | D:4      | Noticed Edmund
  4240 | D:4      | Found a radiant altar of Vehumet.
  4421 | D:4      | Killed Edmund
  4422 | D:4      | Reached skill level 5 in Dodging
  4853 | D:5      | Entered Level 5 of the Dungeon
  4858 | D:5      | Found an opulent altar of Gozag.
  4982 | D:5      | Slain by an ice beast

Illustrated notes

Levels and vault maps discovered:
D:1:      amcnicky_arrival_wind_blow, layout_basic
D:2:      layout_loops_ring, grunt_decor_cap
D:3:      layout_rooms, mainiacjoe_overflow_alcove_2,
          grunt_temple_overflow_open, grunt_ministairs_8, st_stairs_7
D:4:      layout_loops_ring, kennysheep_mini, minmay_temple_entry_sparse_star,
          sigmund_edmund_badplayer, uniq_eustachio
D:5:      layout_loops_ring, trog_hazing_becter, nemelex_spade_bored_becter,
          nicolae_overflow_crystal_walls
Temple:   nicolae_temple_slightly_damp_pantheon

Skill      XL: |  1  2  3  4  5  6  7  8 |
---------------+-------------------------+-----
Fighting       | 3 4 5 |  5.0
Ranged Weapons | 7 9 10 | 10.1
Dodging        | 4 6 |  6.0
Stealth        | |  1.3

Action                     |  1- 3 |  4- 6 |  7- 9 || total
---------------------------+-------+-------+-------++-------
   Fire: Shortbow          |    55 |   107 |    91 ||   253
    Use: Scroll            |     3 |     6 |     5 ||    14
         Potion            |       |     2 |       ||     2
 Armour: Leather armour    |     3 |    44 |    12 ||    59
  Dodge: Dodged            |     7 |    45 |    40 ||    92

Table legend: (Time is in decaauts)
 A = Elapsed time spent in this place.
 B = Non-inter-level travel time spent in this place.
 C = Inter-level travel time spent in this place.
 D = Time resting spent in this place.
 E = Time spent auto-exploring this place.
 F = Levels seen in this place.
 G = Mean time per level.
                   A        B        C        D        E       F      G
               +--------+--------+--------+--------+--------+-----+--------+
         Total |   5027 |   4832 |    195 |   1325 |   2992 |   6 |  837.8 |
       Dungeon |   4604 |   4421 |    183 |   1325 |   2593 |   5 |  920.8 |
        Temple |    422 |    411 |     11 |      0 |    399 |   1 |  422.0 |
               +--------+--------+--------+--------+--------+-----+--------+

Top non-repeatable levels by time:
     D:4: 2200 daAuts
     D:3: 809 daAuts
     D:1: 760 daAuts
     D:2: 703 daAuts
  Temple: 422 daAuts
     D:5: 130 daAuts
